 Dungeon Crawl Stone Soup version 0.29-a0-824-gd827844252 (webtiles) character file.

Game seed: 6870718683165239439

382 buhh the Insei (level 6, 0/42 HPs)
             Began as an Octopode Transmuter on July 9, 2022.
             Was a Follower of Cheibriados.
             Splashed by a jelly's acid (7 damage)
             ... on level 4 of the Dungeon.
             The game lasted 00:02:41 (3439 turns).

buhh the Insei (Octopode Transmuter)                Turns: 3439, Time: 00:02:42

Health: 0/42       AC: -15   Str: 11    XL:     6   Next: 76%
Magic:  8/9        EV: 14    Int: 20    God:    Cheibriados [*.....]
Gold:   169        SH:  5    Dex: 14    Spells: 8/9 levels left

rFire   . . .      SeeInvis .     - Unarmed
rCold   . . .      Faith    .   (no shield)
rNeg    . . .      Spirit   .   (helmet restricted)
rPois   .          Reflect  +   j - amulet of reflection
rElec   .          Harm     .   d - ring of willpower
rCorr   .          Rampage  .   (no ring)
Will    +....                   (no ring)
Stlth   +++.......              (no ring)
HPRegen 0.14/turn               (no ring)
MPRegen 0.11/turn               (no ring)
                                (no ring)
                                (no ring)

@: corroded, very slightly contaminated, very slow
A: almost no armour, amphibious, 8 rings, camouflage 1, gelatinous body 1,
(nimble swimmer 1), tentacles
a: Renounce Religion, Bend Time


You were on level 4 of the Dungeon.
You worshipped Cheibriados.
Cheibriados was aware of your devotion.
You visited 1 branch of the dungeon, and saw 4 of its levels.

You collected 169 gold pieces.

Inventory:

Jewellery
 d - a ring of willpower (left tentacle)
 j - an amulet of reflection (around mantle)
Wands
 n - a wand of digging (9)
 o - a wand of charming (10)
Scrolls
 b - 3 scrolls of identify {unknown}
 f - 2 scrolls of fear {unknown}
 g - a scroll of torment {unknown}
 k - a scroll of brand weapon {unknown}
 l - 2 scrolls of blinking {unknown}
 q - a scroll of fog {unknown}
Potions
 c - 2 potions of invisibility {unknown}
 e - a potion of brilliance {unknown}
 h - 2 potions of attraction {unknown}
 i - 5 potions of curing {unknown}
 m - 2 potions of cancellation {unknown}
 p - a potion of resistance {unknown}


   Skills:
 + Level 3.3 Fighting
 + Level 3.8 Dodging
 - Level 2.0 Stealth
 + Level 4.5 Unarmed Combat
 - Level 2.0 Spellcasting
 + Level 3.1 Transmutations
 - Level 1.0 Poison Magic


You had 8 spell levels left.
You knew the following spells:

 Your Spells              Type           Power      Damage    Failure   Level
a - Beastly Appendage     Tmut           28%        N/A       4%          1

Your spell library contained the following spells:

 Spells                   Type           Power      Damage    Failure   Level
 Wereblood                Tmut           14%        N/A       7%          2
 Magic Dart               Conj           8%         1d3       16%         1
 Spider Form              Tmut/Pois      10%        N/A       21%         3
 Scorch                   Fire           4%         2d5       24%         2
 Searing Ray              Conj           4%         2d4       24%         2
 Ice Form                 Ice/Tmut       8%         N/A       63%         4
 Flame Wave               Conj/Fire      2%         2d4       83%         4
 Fulminant Prism          Conj/Hex       1%         3d6       83%         4
 Summon Cactus Giant      Summ           1%         N/A       100%        6


Dungeon Overview and Level Annotations

Branches:
Dungeon (4/15) Zot: 31109
 Temple: D:4-7

Altars:
Cheibriados
Fedhas
Uskayaw

Annotations:
D:2 1 runed translucent door, Crazy Yiuf


Innate Abilities, Weirdness & Mutations

You cannot wear most types of armour.
You are amphibious.
You can wear up to eight rings at the same time.
Your skin changes colour to match your surroundings (Stealth+).
Your rubbery body absorbs attacks. (AC +1, EV +1)
((You are camouflaged when in or above water. (Stealth+)))
You have tentacles for arms and can constrict up to eight enemies at once.


Message History

The jelly hits you.
You are splashed with acid!
You tentacle-slap the jelly but do no damage.
Your tentacles burn!
You pierce the jelly, but do no damage.
The jelly is lightly wounded.
The jelly misses you.
You tentacle-slap the jelly but do no damage.
Your tentacles burn!
You pierce the jelly.
The jelly is moderately wounded.
You tentacle-slap the jelly but do no damage.
Your tentacles burn!
The jelly is moderately wounded.
The jelly misses you.
You tentacle-slap the jelly but do no damage.
Your tentacles burn!
You pierce the jelly.
You squeeze the jelly.
The jelly is severely wounded.
The jelly barely misses you.
You tentacle-slap the jelly but do no damage.
Your tentacles burn!
You pierce the jelly, but do no damage.
The jelly is heavily wounded.
The jelly misses you.
You tentacle-slap the jelly but do no damage.
Your tentacles burn!
* * * LOW HITPOINT WARNING * * *
The jelly is heavily wounded.
Your tentacle spike disappears.
The jelly barely misses you.
You tentacle-slap the jelly but do no damage.
The acid corrodes you!
Your tentacles burn!
* * * LOW HITPOINT WARNING * * *
The jelly is heavily wounded.
You block the jelly's attack.
Casting: Beastly Appendage (safe; 4% risk of failure)
Press: ? - help, Q - select action, (/) - cycle Dir - look around, f - activate You miscast Beastly Appendage.
You are very lightly contaminated with residual magic.
Nothing appears to happen.
The jelly hits you.
* * * LOW HITPOINT WARNING * * *
The acid corrodes you!
You are splashed with acid!
You die...

#......+
.......#
.......#
#......#
#......#
######......###
#.....?........
#.....@....#
#.....J...##
#........##
#......#'#
.......##.##
#.....##...##
#.....+.....#
#.....##...##
.... ##.##


You could see a jelly.

Vanquished Creatures
  Grinder (D:3)
  2 orc wizards (D:3)
  7 adders
  2 worms (D:2)
  3 dart slugs
  3 orcs (D:3)
  3 ball pythons
  5 endoplasms
  A giant cockroach (D:1)
  5 goblins
  6 hobgoblins
  9 kobolds
  9 bats
  2 frilled lizards (D:2)
  5 rats
63 creatures vanquished.

Notes
Turn   | Place    | Note
-------+----------+-------------------------------------------
     0 | D:1      | buhh the Octopode Transmuter began the quest for the Orb.
     0 | D:1      | Reached XP level 1. HP: 13/13 MP: 3/3
   273 | D:1      | Found a faded altar of an unknown god.
   417 | D:1      | Reached XP level 2. HP: 18/18 MP: 3/5
  1011 | D:2      | Reached XP level 3. HP: 23/23 MP: 4/6
  1459 | D:2      | Reached XP level 4. HP: 29/29 MP: 5/7
  1818 | D:2      | Found a runed translucent door.
  1819 | D:2      | Noticed Crazy Yiuf
  2535 | D:3      | Found a snail-covered altar of Cheibriados.
  2584 | D:3      | Became a worshipper of Cheibriados the Contemplative
  2688 | D:3      | Reached XP level 5. HP: 35/35 MP: 6/8
  2885 | D:3      | Noticed Grinder
  2903 | D:3      | Reached skill level 4 in Unarmed Combat
  2908 | D:3      | Reached * piety under Cheibriados
  2923 | D:3      | Paralysed by Grinder for 2 turns
  2926 | D:3      | Killed Grinder
  2927 | D:3      | Reached XP level 6. HP: 25/42 MP: 7/9
  3278 | D:3      | Found a blossoming altar of Fedhas.
  3360 | D:3      | Found a hide-covered altar of Uskayaw.
  3439 | D:4      | Splashed by a jelly's acid

Illustrated notes

Levels and vault maps discovered:
D:1:      beargit_arrival_diablo_church, layout_basic,
          shapermc_ecumenical_altar_venn
D:2:      layout_basic, uniq_crazy_yiuf_cottage
D:3:      layout_loops_cross, nicolae_uskayaw_suspiria,
          mainiacjoe_overflow_cross_hatched, fedhas_altar_fruit_tree,
          minmay_crystal_water, lemuel_old_faithful, uniq_grinder
D:4:      layout_gridville, kennysheep_nondescript,
          chequers_serial_rivers_small_b, minmay_hedge_maze,
          nicolae_hexahallways, amcnicky_mini_corridor_feature

Skill      XL: |  1  2  3  4  5 |
---------------+----------------+-----
Poison Magic   | 1 |  1.0
Stealth        | 1 2 |  2.0
Fighting       | 2 3 |  3.3
Dodging        | 3 |  3.8
Unarmed Combat | 4 |  4.5
Transmutations | 3 |  3.1
Spellcasting   | |  2.0

Action                   |  1- 3 |  4- 6 || total
-------------------------+-------+-------++-------
Melee: Unarmed           |    64 |    94 ||   158
       Kick              |    19 |    15 ||    34
       Constrict         |    17 |    19 ||    36
       Tentacles         |     9 |    13 ||    22
       Punch             |       |     2 ||     2
 Cast: Beastly Appendage |    23 |    27 ||    50
  Use: Potion            |       |     1 ||     1
 Stab: Sleeping          |     5 |     6 ||    11
Armor: Skin              |     7 |    12 ||    19
Dodge: Dodged            |    33 |    34 ||    67
Block: Other             |     4 |    14 ||    18

Table legend: (Time is in decaauts)
 A = Elapsed time spent in this place.
 B = Non-inter-level travel time spent in this place.
 C = Inter-level travel time spent in this place.
 D = Time resting spent in this place.
 E = Time spent auto-exploring this place.
 F = Levels seen in this place.
 G = Mean time per level.
                   A        B        C        D        E       F      G
               +--------+--------+--------+--------+--------+-----+--------+
         Total |   3603 |   3535 |     68 |      0 |   3035 |   4 |  900.8 |
       Dungeon |   3603 |   3535 |     68 |      0 |   3035 |   4 |  900.8 |
               +--------+--------+--------+--------+--------+-----+--------+

Top non-repeatable levels by time:
     D:2: 1449 daAuts
     D:3: 1119 daAuts
     D:1: 978 daAuts
     D:4: 56 daAuts
